Map: Dusk Towers

Players

BenJAMMIN

  • Race: Zerg Zerg
  • League: Silver
  • Spawn Location: 7:00

Fropez - Winner!

  • Race: Protoss Protoss
  • League: Silver
  • Spawn Location: 1:00

VOD

Have the link to the VOD?

Description

Time

  • Played on: May 18, 2016, 6:38 p.m.
  • Length: 16:39
Show
View Real Time Build Order
Export as new Build Order

BenJAMMIN Zerg 

Build Orders: Hatch First, Muta Ling Bane 

Get SALT Encoding   

  12  0:02  Drone  
  13  0:07  Drone  
  14  0:28  Extractor x2, Drone  
  14  0:29  Drone  
  16  0:45  Hatchery  
  15  0:50  Overlord  
  15  1:06  Spawning Pool  
  15  1:08  Drone  
  15  1:10  Drone  
  16  1:15  Drone  
  17  1:23  Drone  
  18  1:28  Extractor  
  18  1:30  Drone  
  18  1:41  Overlord  
  18  1:51  Drone  
  19  1:57  Extractor  
  19  1:58  Drone  
  19  2:04  Drone  
  20  2:09  Drone  
  21  2:16  Drone  
  21  2:17  Queen x2, Baneling Nest  
  25  2:23  Drone  
  25  2:28  Drone  
  27  2:39  Spine Crawler  
  27  2:40  Spine Crawler  
  27  2:43  Drone  
  26  2:46  Drone  
  26  2:49  Drone  
  28  2:53  Drone  
  29  3:01  Zergling x2  
  29  3:02  Zergling x2  
  29  3:03  Zergling x2  
  32  3:26  Baneling x2  
  32  3:32  Drone  
  32  3:33  Drone x2  
  35  3:34  Drone  
  36  3:43  Lair  
  36  3:49  Overlord x2  
  36  3:53  Extractor  
  35  3:56  Extractor  
  35  3:57  Drone x2  
  36  4:07  Zergling x6  
  36  4:08  Zergling x4  
  41  4:11  Drone x5  
  46  4:30  Drone x3  
  49  4:34  Metabolic Boost  
  49  4:45  Overseer  
  49  4:47  Baneling x5  
  49  4:48  Baneling  
  49  4:49  Baneling  
  49  4:50  Centrifical Hooks  
  49  4:54  Spore Crawler  
  49  4:59  Spire  
  47  5:02  Spore Crawler  
  47  5:05  Overlord  
  47  5:06  Overlord  
  40  5:27  Zergling x2  
  40  5:28  Zergling x10  
  44  5:29  Zergling x8  
  45  6:03  Spore Crawler  
  44  6:08  Hydralisk Den  
  43  6:14  Drone  
  43  6:15  Drone x5  
  49  6:27  Zerg Flyer Weapons Level 1  
  49  6:30  Mutalisk x5  
  49  6:32  Overlord x2  
  59  6:34  Overlord  
  59  6:37  Baneling  
  59  6:38  Baneling x2  
  59  6:39  Baneling  
  59  6:40  Baneling  
  59  6:43  Overseer  
  59  6:52  Spine Crawler  
  58  6:55  Spine Crawler  
  57  7:13  Mutalisk  
  57  7:14  Mutalisk x5  
  69  7:19  Mutalisk  
  71  7:24  Mutalisk  
  71  7:28  Mutalisk  
  75  7:32  Mutalisk  
  77  7:47  Hatchery  
  71  8:26  Mutalisk x2  
  71  8:27  Mutalisk x3  
  73  8:28  Mutalisk  
  59  9:00  Mutalisk x3  
  59  9:13  Pneumatized Carapace  
  59  9:22  Spine Crawler  
  58  9:25  Spore Crawler  
  58  9:26  Drone x4  
  58  9:27  Drone x5  
  66  9:32  Overseer x3  
  58  10:00  Mutalisk x4  
  64  10:20  Zerg Flyer Armor Level 1  
  64  10:21  Infestation Pit  
  63  10:26  Drone x2  
  63  10:27  Drone  
  66  10:43  Overseer  
  66  10:50  Mutalisk x2  
  66  10:51  Mutalisk  
  66  10:53  Zergling x4  
  66  10:54  Overlord x2  
  66  10:55  Overlord x2  
  68  11:30  Mutalisk x4  
  70  11:53  Zergling x14  
  70  11:54  Zergling x26  
  83  11:59  Evolution Chamber  
  83  12:00  Hive  
  87  12:06  Extractor  
  86  12:08  Extractor  
  86  12:11  Queen  
  86  12:12  Drone  
  88  12:21  Overseer  
  78  12:30  Zergling x6  
  78  12:31  Zergling x2  
  56  13:08  Mutalisk x4  
  56  13:09  Mutalisk x4  
  39  13:58  Zergling x6  
  39  13:59  Zergling x16  
  39  14:00  Zergling x16  
  39  14:01  Zergling x4  
  52  14:11  Zergling x2  
  52  14:12  Zergling x10  
  58  14:24  Drone  
  58  14:25  Drone  
  58  14:26  Drone  
  55  14:38  Drone x2  
  56  14:39  Drone  
  56  14:41  Overlord x4  
  37  15:22  Ultralisk Cavern  
  36  15:29  Drone x9  
  45  15:40  Spawning Pool  
  45  15:41  Drone  
  45  15:50  Extractor  
  44  16:11  Hydralisk Den  
  40  16:28  Spine Crawler  
  40  16:29  Spine Crawler  
  40  16:31  Spine Crawler  
  40  16:32  Spine Crawler  
  35  16:33  Spine Crawler  
Show
View Real Time Build Order
Export as new Build Order

Fropez Protoss - Winner!

Build Orders:  

Get SALT Encoding   

  12  0:00  Probe (Chrono Boost)  
  14  0:21  Probe (Chrono Boost)  
  14  0:22  Pylon  
  14  0:29  Pylon  
  14  0:32  Probe (Chrono Boost)  
  15  0:43  Gateway  
  15  0:47  Probe (Chrono Boost)  
  16  0:57  Probe (Chrono Boost)  
  16  1:01  Assimilator  
  17  1:08  Probe (Chrono Boost)  
  18  1:16  Forge  
  18  1:30  Cybernetics Core  
  18  1:35  Probe (Chrono Boost)  
  18  1:36  Assimilator  
  19  1:46  Probe (Chrono Boost)  
  20  1:56  Probe (Chrono Boost)  
  21  2:01  Photon Cannon  
  21  2:04  Pylon  
  21  2:08  Adept  
  21  2:10  Probe (Chrono Boost)  
  24  2:18  Pylon  
  24  2:20  Probe (Chrono Boost), Warp Gate (Chrono Boost)  
  25  2:43  Probe  
  26  2:53  Pylon  
  26  2:55  Probe  
  27  3:00  Adept  
  27  3:03  Protoss Ground Weapons Level 1 (Chrono Boost)  
  29  3:08  Probe  
  30  3:20  Probe  
  30  3:24  Gateway  
  29  3:27  Adept  
  29  3:31  Gateway  
  29  3:32  Probe  
  34  3:57  Nexus, Probe  
  33  4:27  Stalker x3  
  39  4:40  Probe  
  40  4:59  Robotics Facility  
  40  5:00  Probe, Robotics Facility  
  40  5:02  Pylon  
  40  5:04  Protoss Ground Armor Level 1 (Chrono Boost)  
  41  5:08  Gateway  
  41  5:19  Assimilator  
  37  5:23  Assimilator  
  37  5:24  Pylon  
  37  5:27  Probe  
  37  5:28  Probe  
  37  5:40  Stalker x3  
  37  5:41  Probe x2  
  45  5:54  Immortal  
  45  6:05  Immortal  
  45  6:09  Probe  
  51  6:15  Mothership Core  
  52  6:26  Probe  
  52  6:28  Twilight Council  
  52  6:32  Protoss Shields Level 1 (Chrono Boost), Stalker x2  
  57  6:43  Observer, Probe x2  
  60  6:55  Immortal  
  60  6:57  Probe x2  
  66  7:04  Pylon  
  66  7:08  Blink (Chrono Boost)  
  66  7:10  Probe  
  66  7:12  Probe  
  68  7:22  Probe  
  69  7:24  Probe  
  69  7:26  Stalker x2  
  74  7:34  Probe  
  74  7:36  Probe  
  76  7:44  Immortal  
  80  7:53  Probe  
  80  7:54  Probe  
  82  7:59  Pylon  
  82  8:03  Protoss Ground Weapons Level 2  
  70  8:23  Stalker x4  
  76  8:30  Photon Cannon  
  76  8:37  Photon Cannon  
  76  8:39  Pylon  
  76  8:47  Stalker x4  
  76  9:21  Immortal x2  
  84  9:36  Probe  
  84  9:37  Probe  
  86  9:39  Nexus  
  86  9:41  Assimilator  
  86  9:46  Assimilator  
  86  9:49  Pylon, Probe  
  86  9:51  Pylon  
  83  9:54  Pylon  
  83  9:58  Pylon  
  83  9:59  Pylon  
  78  10:03  Stalker x4  
  82  10:21  Gateway  
  82  10:22  Gateway  
  82  10:34  Gateway  
  82  10:35  Gateway  
  82  10:47  Gateway  
  82  10:49  Photon Cannon x2  
  81  11:10  Stalker  
  81  11:11  Stalker x3  
  87  11:33  Stalker  
  87  11:34  Stalker x3  
  87  11:35  Stalker  
  96  12:05  Stalker x6  
  96  12:06  Stalker  
  88  13:38  Stalker  
  88  13:39  Stalker x6  
  92  13:52  Nexus  
  92  13:54  Assimilator  
  86  13:59  Assimilator  
  86  14:01  Pylon  
  84  14:04  Pylon  
  84  14:08  Pylon  
  82  14:24  Pylon  
  82  14:29  Immortal  
  82  14:34  Stalker x6  
  82  14:35  Stalker x2  
  82  14:36  Pylon  
  90  15:13  Probe x2  
  89  15:14  Probe  
  89  15:15  Probe  
  92  15:23  Immortal  
  96  15:44  Stalker x5  
  96  15:45  Stalker x3  
  112  15:58  Pylon  
  112  16:01  Probe  
  112  16:03  Probe  
  114  16:35  Pylon  
Tags
 
Composition
Muta Ling Bane
Matchup
PvZ
Replay Pack
All Mines
Spawn Locations
Cross Positions
Add a new tag
Caveats
  • Supply blocks, unpowered buildings, or Contaminate may cause inaccurate times.
  • Supply counts are checked every 10 seconds.